AoeStats
← PALITOMAN

Black Forest

509219801Analyzed
4v4 RM · 7d ago on Sep 25, 2026· 44m 39s· 8 players
Game mode
Random Map
Map size
Large (8 player)
Population
200
Speed
Normal
Resources
Standard
Victory
Conquest
Starting age
Dark Age
Ending age
Imperial Age
RankedLock teamsTeams togetherTeam positionsShared explorationLock speedFull tech treeHidden civsTurbo modeCheats
Victory
Defeat
🇦🇷 Bohemians · Argentina
1124
+17
🇧🇷 Teutons · Brazil
1119
+17
🇪🇸 Danes · Spain
1094
+18
🇦🇷 Celts · Argentina
1087
+18
🇨🇴 Slavs · Colombia
1152
-18
🇨🇦 Danes · Canada
1152
-18
🇮🇳 Khmer · India
1139
-18
🇺🇸 Turks · United States
1101
-16
® BLACK WOLF ®
0:37 Loom
12:30 Feudal Age
17:18 Castle Age
15:34 Double-Bit Axe
17:29 Wheelbarrow
16:39 Horse Collar
19:19 Bow Saw
23:04 Fishing Lines
26:53 Scale Barding Armor
26:59 Forging
27:49 Bloodlines
29:15 Heavy Plow
29:54 Chain Barding Armor
30:11 Iron Casting
33:17 Imperial Age
30:56 Gillnets
31:12 Scale Mail Armor
31:03 Fletching
31:59 Hand Cart
32:21 Squires
31:41 Pikeman
33:22 Chain Mail Armor
33:17 Arson
33:58 Ballistics
33:29 Cavalier
35:14 Blast Furnace
34:51 Plate Barding Armor
34:47 Plate Mail Armor
34:44 Conscription
37:06 Bodkin Arrow
37:16 Elite Teutonic Knight
43:14 Paladin
DS_Mc. Patto
1:11 Loom
12:11 Feudal Age
16:57 Castle Age
14:55 Double-Bit Axe
18:09 Fishing Lines
19:48 Gillnets
23:46 Bow Saw
27:53 Gold Mining
31:50 Imperial Age
29:49 Fletching
30:51 Wheelbarrow
30:02 Town Watch
30:00 Pikeman
32:04 Masonry
31:58 Scale Mail Armor
31:58 Stone Mining
32:50 Gold Shaft Mining
32:38 Onager
35:15 Siege Engineers
35:13 Horse Collar
35:45 Halberdier
38:28 Chemistry
38:03 Chain Mail Armor
38:21 Siege Onager
39:48 Hand Cart
40:01 Caravan
40:22 Gambesons
41:10 Plate Mail Armor
40:51 Forging
45:02 Heavy Plow
PALITOMAN
2:24 Loom
11:46 Feudal Age
13:02 Double-Bit Axe
16:41 Castle Age
20:01 Redemption
20:49 Horse Collar
25:11 Pikeman
26:08 Bow Saw
29:56 Forging
32:52 Horse Collar
33:53 Wheelbarrow
36:47 Imperial Age
34:16 Gold Mining
37:24 Iron Casting
36:49 Scale Mail Armor
37:38 Fletching
37:49 Padded Archer Armor
37:32 Onager
39:12 Ballistics
38:58 Elite Skirmisher
40:56 Chemistry
39:53 Bodkin Arrow
40:17 Leather Archer Armor
42:01 Siege Onager
43:44 Siege Engineers
ELTRAVERO
0:29 Loom
18:57 Feudal Age
19:32 Double-Bit Axe
23:52 Castle Age
24:33 Scale Mail Armor
23:55 Pikeman
24:37 Squires
30:32 Fervor
31:54 Sanctity
33:58 Wheelbarrow
33:09 Town Watch
33:29 Arson
39:35 Imperial Age
37:24 Hand Cart
37:09 Town Patrol
38:44 Chemistry
39:44 Chain Mail Armor
39:39 Forging
39:44 Halberdier
42:16 Plate Mail Armor
42:21 Iron Casting
45:34 Ballistics
ssindho
11:43 Feudal Age
17:08 Castle Age
16:00 Double-Bit Axe
24:03 Loom
24:54 Wheelbarrow
25:13 Horse Collar
28:30 Bow Saw
31:53 Imperial Age
30:02 Fishing Lines
30:38 Fletching
30:48 Padded Archer Armor
31:04 Forging
30:59 Scale Barding Armor
31:16 Gold Mining
32:42 Gold Shaft Mining
32:52 Iron Casting
33:34 Ballistics
33:56 Chain Barding Armor
34:59 Blast Furnace
34:50 Bloodlines
34:01 Light Cavalry
34:41 Husbandry
35:37 Plate Barding Armor
36:15 Chemistry
35:28 Hussar
37:11 Elite Ballista Elephant
38:13 Conscription
37:56 Stone Mining
38:03 Heavy Scorpion
Bambam
1:02 Loom
14:58 Feudal Age
21:30 Castle Age
20:18 Stone Mining
20:19 Gold Mining
20:19 Arson
20:48 Forging
20:38 Scale Mail Armor
22:58 Double-Bit Axe
25:37 Pikeman
26:18 Squires
29:26 Horse Collar
29:58 Bow Saw
38:04 Imperial Age
36:44 Heavy Plow
38:14 Northmen's Fury
erik_k900
0:26 Loom
16:27 Feudal Age
26:08 Castle Age
25:08 Man-at-Arms
30:17 Castle Age
32:34 Wheelbarrow
camgcam
0:26 Loom
12:39 Feudal Age
14:16 Man-at-Arms
15:09 Horse Collar
21:38 Castle Age
20:18 Double-Bit Axe
20:49 Forging
21:59 Gold Mining
22:12 Scale Mail Armor
22:51 Long Swordsman
23:32 Squires
24:35 Bloodlines
24:27 Husbandry
30:32 Bow Saw
30:25 Heavy Plow
31:02 Wheelbarrow
30:17 Town Watch
31:13 Squires
30:33 Pikeman
33:03 Iron Casting
32:44 Chain Mail Armor
32:20 Fletching
32:40 Scale Barding Armor
32:02 Light Cavalry
37:16 Fletching
37:49 Chain Barding Armor
40:50 Imperial Age
39:32 Stone Mining
40:20 Gold Shaft Mining
40:53 Halberdier
42:08 Plate Mail Armor
42:39 Blast Furnace
41:53 Masonry
43:11 Two-Man Saw
42:47 Crop Rotation
42:23 Bodkin Arrow
44:16 Conscription
44:13 Druzhina
Connection lost

Rejoining the realm…

Still unreachable

The connection could not be restored.

Session expired

The server has moved on; the page needs a fresh start.